 Dungeon Crawl Stone Soup version 0.30.1-11-g7821555f0a (webtiles) character file.

Game seed: 2633794417033563309

64 BiteMe the Firebug (level 3, 0/24 (26) HPs)
             Began as a Demonspawn Fire Elementalist on Jan 7, 2024.
             Slain by Terence
             ... wielding the +7 Throatcutter {drain, coup de grace}
              (7 damage)
             ... on level 3 of the Dungeon.
             The game lasted 00:20:37 (3590 turns).

BiteMe the Firebug (Demonspawn Fire Elementalist)   Turns: 3590, Time: 00:20:37

HP:   0/24 (26)     AC:  2    Str: 10    XL:     3   Next: 91%
MP:   8/15          EV: 12    Int: 16    God:
Gold: 154           SH:  0    Dex: 13    Spells: 3/6 levels left

rFire   . . .        i - +0 quarterstaff
rCold   . . .        (shield currently unavailable)
rNeg    . . .        a - +0 robe
rPois   .            (no helmet)
rElec   .            (no cloak)
rCorr   .            (no gloves)
SInv    .            (no boots)
Will    .....        (no amulet)
Stlth   ++           j - ring of magical power
HPRegen 0.24/turn    (no ring)
MPRegen 0.14/turn

%: no passive effects
@: drained
A: powered by death 1, weakness stinger 1
a: no special abilities


You were on level 3 of the Dungeon.
You visited 1 branch of the dungeon, and saw 3 of its levels.

You collected 154 gold pieces.

Inventory:

Hand Weapons
 c - a +0 dagger
 h - a +0 short sword
 i - a +0 quarterstaff (weapon)
 l - a +0 spear
 q - a +0 rapier
 r - a +0 great sword
Armour
 a - a +0 robe (worn)
Jewellery
 j - a ring of magical power (left hand)
 m - a ring of resist corrosion
Scrolls
 d - a scroll of torment {unknown}
 e - a scroll of noise {unknown}
 f - 2 scrolls of identify {unknown}
 g - 2 scrolls of teleportation {unknown}
 n - a scroll of butterflies {unknown}
Potions
 b - a potion of magic
 k - 4 potions of haste {unknown}
 o - a potion of might {unknown}
 p - a potion of brilliance {unknown}
 s - 2 potions of curing {unknown}


   Skills:
 * Level 1.4 Fighting
 * Level 2.1 Dodging
 - Level 1.7 Stealth
 + Level 2.2 Spellcasting
 * Level 2.0 Conjurations
 * Level 3.3 Fire Magic


You had 3 spell levels left.
You knew the following spells:

 Your Spells              Type           Power      Damage    Failure   Level
a - Foxfire               Conj/Fire      40%        2x1d6     7%          1
b - Scorch                Fire           24%        2d6       8%          2

Your spell library contained the following spells:

 Spells                   Type           Power      Damage    Failure   Level
 Inner Flame              Hex/Fire       7%         N/A       30%         3
 Volatile Blastmotes      Fire/Tloc      14%        2d11      30%         3
 Flame Wave               Conj/Fire      10%        2d6       56%         4


Dungeon Overview and Level Annotations

Branches:
Dungeon (3/15)

Altars:

Annotations:
D:3 Terence


Innate Abilities, Weirdness & Mutations

You regenerate a little health from kills.
You have a small tail.


Message History

Press: ? - help, Q - select action, (/) - cycle Dir - look around, f - activate You conjure some foxfire!
The foxfire hits the giant cockroach.
You kill the giant cockroach!
Your foxfire dissipates!
You start resting.
Magic restored.
You start waiting.
Done waiting.
Terence the Incautious comes into view.
He is wielding the +7 Throatcutter {drain, coup de grace}.
Terence shouts!
Casting: Foxfire (safe; 7% risk of failure)
Press: ? - help, Q - select action, (/) - cycle Dir - look around, f - activate You conjure some foxfire!
Casting: Foxfire (safe; 7% risk of failure)
Confirm with . or Enter, or press ? or * to list all spells.
Flames lash Terence.
Terence is moderately wounded.
Terence's fire resistance burns away.
The foxfire hits Terence but does no damage.
Terence is moderately wounded.
Terence misses you.
Casting: Scorch (safe; 8% risk of failure)
Confirm with . or Enter, or press ? or * to list all spells.
Flames lash Terence.
Terence is burned terribly!
Terence is heavily wounded.
Terence hits you but does no damage.
You feel drained. Terence attacks as you move away!
Terence hits you with the +7 Throatcutter {drain, coup de grace}!
Ouch! That really hurt!
You feel drained.
* * * LOW HITPOINT WARNING * * *
Found a book of Conjurations.
The foxfire hits Terence.
Terence is heavily wounded.
Casting: Scorch (safe; 8% risk of failure)
Confirm with . or Enter, or press ? or * to list all spells.
Flames lash Terence.
Terence is burned terribly!
Terence is almost dead.
Terence hits you with the +7 Throatcutter {drain, coup de grace}!
You die...

.#.# ##.#.# ##.....
.....#####.......##
.......##.........
..# +......... .##
##........ ## .#
#.....<. # #.#
#.....######## ##
#.. #...@@......:
.###.# #
##+#.#######.
..#.##.# #.#§#
.......# ###.#.#
###.##### #.....#
........# #.....#
###.###.# #.....# #
#.###.###.....# #
#.....†...#.#.....


You could see Terence (combustible).

Vanquished Creatures
  2 adders
  A worm (D:2)
  A dart slug (D:1)
  3 bats
  4 endoplasms
  3 giant cockroaches
  3 goblins (D:1)
  5 hobgoblins (D:1)
  A quokka (D:3)
  9 ball pythons
  2 frilled lizards
  2 kobolds
  4 rats
40 creatures vanquished.

Vanquished Creatures (others)
  103 foxfires
103 creatures vanquished.

Grand Total: 143 creatures vanquished

Notes
Turn   | Place    | Note
-------+----------+-------------------------------------------
     0 | D:1      | BiteMe the Demonspawn Fire Elementalist began the quest for
                  | the Orb.
     0 | D:1      | Reached XP level 1. HP: 13/13 MP: 3/3
   777 | D:2      | Reached skill level 3 in Fire Magic
   794 | D:2      | Discovered your monstrous ancestry.
   794 | D:2      | Gained mutation: You have a small tail. [demonic ancestry]
   794 | D:2      | Reached XP level 2. HP: 20/20 MP: 1/5
   838 | D:2      | Learned a level 2 spell: Scorch
  2180 | D:1      | Gained mutation: You regenerate a little health from kills.
                  | [demonic ancestry]
  2180 | D:1      | Reached XP level 3. HP: 25/25 MP: 2/6
  3097 | D:3      | Reached skill level 1 in Fighting
  3584 | D:3      | Noticed Terence
  3590 | D:3      | Slain by Terence

Illustrated notes

Levels and vault maps discovered:
D:1:      psy_arrival_dodecagon, layout_basic, minmay_tall_x
D:2:      layout_rooms, minmay_heptomino_w4, uniq_sigmund
D:3:      layout_loops_corners, uniq_terence

Skill      XL: |  1  2  3 |
---------------+----------+-----
Fire Magic     | 3 |  3.3
Dodging        | 2 |  2.1
Conjurations   | 2 |  2.0
Fighting       | 1 |  1.4
Stealth        | |  1.7
Spellcasting   | |  2.2

Action                     || total
---------------------------++-------
  Melee: Dagger            ||     3
         Tailslap          ||     1
         Quarterstaff      ||    16
   Cast: Foxfire           ||    59
         Scorch            ||     6
   Stab: Sleeping          ||     3
 Armour: Robe              ||     6
  Dodge: Dodged            ||    26
